 Zot Defence DCSS version 0.15.2 (webtiles) character file.

3935 blackwizard the Cutter (level 10, -5/100 HPs)
             Began as a Troll Monk on May 28, 2017.
             Killed by divine providence
             ... invoked by an orc priest
              (13 damage)
             ... in the Realm of Zot (Scenario II: Battle Heart).
             The game lasted 00:07:13 (1467 turns).

blackwizard the Cutter (Troll Monk)                 Turns: 1467, Time: 00:07:13

HP  -5/100       AC  5     Str 21      XL: 10   Next:  1%
MP   4/4         EV 13     Int  6      God:
Gold 0           SH  0     Dex 15      Spells:  0 memorised,  9 levels left

rFire  . . .     SeeInvis .     i - +0 short sword
rCold  . . .     Clarity  .     a - +0 robe
rNeg   . . .     rCorr    .     (shield restricted)
rPois  .         rRot     .     (helmet restricted)
rElec  .         Spirit   .     (no cloak)
SustAb .         Warding  .     (gloves unavailable)
rMut   .         Stasis   .     (boots unavailable)
Gourm  +                        (no amulet)
MR     .....                    (no ring)
                                (no ring)

@: not resistant to hostile enchantments, unstealthy
A: unfitting armour, claws 3, fast metabolism 3, gourmand, regeneration 2,
saprovore 2, shaggy fur 1, tough skin 2
a: Make oklob sapling, Make arrow trap, Make plant, Remove Curse, Make burning
bush, Make altar, Make grenades, Make oklob plant, Make net trap, Make ice
statue, Make spear trap


You were in the Realm of Zot.
You were not hungry.

You visited 1 branch

Inventory:

Hand weapons
 i - a +0 short sword (weapon)
 k - a +0 giant club
Missiles
 j - 8 stones (quivered)
 l - 26 arrows
Armour
 a - a +0 robe (worn)
 m - a +0 robe
Comestibles
 c - 2 meat rations
Scrolls
 h - a scroll of blinking
Potions
 b - 3 potions of curing
 d - a potion of heal wounds
 e - a potion of haste
 f - 2 potions of magic
 g - a potion of berserk rage


   Skills:
 + Level 6.7 Fighting
 + Level 7.2 Short Blades
 + Level 6.6 Dodging
 - Level 1.1 Stealth
 + Level 6.2 Unarmed Combat


You had 9 spell levels left.
You didn't know any spells.

Dungeon Overview and Level Annotations

Branches:
    Zot (1/1)

Altars:


Innate Abilities, Weirdness & Mutations

You are too large for most types of armour.
You have claws for hands.
Your metabolism is lightning-fast.
You like to eat raw meat.
You heal very quickly.
You can eat rotten meat.
You are covered in fur (AC +1).
You have very tough skin (AC +2).


Message History

The orc priest prays to Beogh.
You feel troubled.
You puncture the giant frog!
The giant frog is heavily wounded.
The giant frog closely misses you.
The orc priest becomes somewhat translucent.
You hit the giant frog.
The giant frog is heavily wounded.
The giant frog barely misses you.
You barely miss the giant frog.
The giant frog is heavily wounded.
The giant frog misses you.
You closely miss the giant frog.
The giant frog is heavily wounded.
You miss Muos. The giant frog hits you.
* * * LOW HITPOINT WARNING * * *
Muos blinks!
The orc priest calls down the wrath of Beogh upon something.
Something smites you!
You die...

▓▓▓▓▓▓ ▓▓▓▓▓▓▓▓▓▓................
# ####▓▓...............
▓▓▓............. ▓▓▓..........▓
▓▓▓.......▓▓ ▓▓.....▓▓
#########▓▓...▓▓ ####
#######.............# ...###
###BBbFF.@......#######
.....###bgSKoF##########
......#FBKa....##
........rh......#
.......a........# ########
................# #####......##
................## ##...........#
.................###.............
....§.........##.................


You could see 2 goliath beetles, a black bear, 3 giant frogs, a worker ant, an
orc priest, an adder, a goblin, 2 bats and 2 kobolds.

Vanquished Creatures
  Pikel (Zot)
  A yak (Zot)
  2 ogres (Zot)
  A phantom (Zot)
  A big kobold (Zot)
  A centaur (Zot)
  6 giant frogs (Zot)
  A scorpion (Zot)
  A crimson imp (Zot)
  A hound (Zot)
  4 worker ants (Zot)
  An iguana (Zot)
  Ijyb (Zot)
  Jessica (Zot)
  8 adders (Zot)
  3 worms (Zot)
  5 giant mites (Zot)
  3 oozes (Zot)
  An orc (Zot)
  4 ball pythons (Zot)
  10 giant cockroaches (Zot)
  13 goblins (Zot)
  7 hobgoblins (Zot)
  11 kobolds (Zot)
  2 quokkas (Zot)
  15 bats (Zot)
  5 giant geckos (Zot)
  2 giant newts (Zot)
  4 jackals (Zot)
  19 rats (Zot)
135 creatures vanquished.

Notes
Turn   | Place    | Note
--------------------------------------------------------------
     0 | Zot      | blackwizard, the Troll Monk, began the quest for the Orb.
     0 | Zot      | Reached XP level 1. HP: 22/22 MP: 1/1
   209 | Zot      | Reached XP level 2. HP: 29/29 MP: 1/1
   253 | Zot      | Reached XP level 3. HP: 36/36 MP: 2/2
   335 | Zot      | Noticed Raydis
   348 | Zot      | Reached XP level 4. HP: 44/44 MP: 2/2
   386 | Zot      | Killed Raydis the big kobold
   386 | Zot      | Reached skill level 1 in Short Blades
   386 | Zot      | Reached skill level 5 in Unarmed Combat
   386 | Zot      | Reached XP level 5. HP: 48/53 MP: 2/2
   474 | Zot      | Reached XP level 6. HP: 61/61 MP: 3/3
   531 | Zot      | Reached skill level 6 in Unarmed Combat
   557 | Zot      | Reached XP level 7. HP: 18/68 MP: 3/3
   824 | Zot      | Noticed Pikel
   907 | Zot      | Noticed Ijyb
  1008 | Zot      | Noticed Jessica
  1054 | Zot      | Killed Jessica
  1054 | Zot      | Reached XP level 8. HP: 79/79 MP: 3/3
  1099 | Zot      | Killed Pikel
  1099 | Zot      | Reached skill level 5 in Fighting
  1099 | Zot      | Reached skill level 5 in Short Blades
  1099 | Zot      | Reached skill level 5 in Dodging
  1099 | Zot      | Reached XP level 9. HP: 81/88 MP: 4/4
  1305 | Zot      | Killed Ijyb
  1391 | Zot      | Reached skill level 7 in Short Blades
  1418 | Zot      | Reached XP level 10. HP: 67/100 MP: 4/4
  1467 | Zot      | Killed from afar by an orc priest

Action                   |  1- 3 |  4- 6 |  7- 9 | 10-12 || total
-------------------------+-------+-------+-------+-------++-------
Melee: Unarmed           |     6 |       |       |       ||     6
       Short sword       |    69 |   155 |   671 |    32 ||   927
